 Dungeon Crawl Stone Soup version 0.17-a0-1375-g89b919d (console) character file.

291 Monkaria the Cleaver (level 6, -22/56 HPs)
             Began as a Hill Orc Chaos Knight on June 14, 2015.
             Annihilated by a large abomination (33 damage)
             ... on level 1 of the Abyss.
             The game lasted 00:03:03 (2107 turns).

Monkaria the Cleaver (Hill Orc Chaos Knight)        Turns: 2107, Time: 00:03:03

Health: -22/56     AC:  5    Str: 21    XL:     6   Next: 32%
Magic:  6/6        EV: 11    Int: 12    God:    Xom [*.....]
Gold:   155        SH:  0    Dex: 10    Spells: 0 memorised, 5 levels left

rFire  . . .     SeeInvis .     a - +0 hand axe (chaos)
rCold  . . .     Clarity  .     b - +2 leather armour
rNeg   . . .     SustAt   .     (no shield)
rPois  .         Gourm    .     (no helmet)
rElec  .         Spirit   .     (no cloak)
rCorr  .         Warding  .     (no gloves)
rMut   .         Stasis   .     (no boots)
MR     .....                    r - amulet of regeneration
Stlth  +.........               (no ring)
                                e - +4 ring of strength

@: not resistant to hostile enchantments, very unstealthy
A: no striking features
a: Renounce Religion


You were on level 1 of the Abyss.
You worshipped Xom.
You were a special plaything of Xom.
You were very hungry.

You visited 1 branch of the dungeon, and saw 3 of its levels.
You visited the Abyss 1 time.

You collected 155 gold pieces.

Inventory:

Hand weapons
 a - a +0 hand axe of chaos (weapon)
Armour
 b - a +2 leather armour (worn)
 p - a +3 chain mail of cold resistance
Jewellery
 e - a +4 ring of strength (left hand)
 r - an amulet of regeneration (around neck)
Scrolls
 j - 3 scrolls of teleportation
 m - 3 scrolls of blinking {unknown}
 n - 2 scrolls of identify {unknown}
Potions
 d - a potion of invisibility {unknown}
 i - a potion of might {unknown}
 k - 2 potions of ambrosia {unknown}
 l - a potion of curing
 o - a potion of flight {unknown}
Comestibles
 c - 4 bread rations
 g - 3 meat rations


   Skills:
 - Level 5.0 Fighting
 + Level 8.3 Axes
 - Level 2.1 Armour
 - Level 0.7 Dodging


You had 5 spell levels left.
You didn't know any spells.

Dungeon Overview and Level Annotations

Branches:
Dungeon (3/15)

Altars:
Sif Muna
Trog


Message History

You completely miss the large abomination.
The large abomination is lightly damaged.
The large abomination hits you but does no damage.
You hit the large abomination but do no damage.
The large abomination is duplicated!
The large abomination is lightly damaged.
The large abomination closely misses you. x2
You hit the large abomination but do no damage.
The large abomination is lightly damaged.
The large abomination hits you!!
Ouch! That really hurt!
* * * LOW HITPOINT WARNING * * *
You emit a cloud of colourful smoke!
You are feeling very hungry.
You hit the large abomination but do no damage.
The large abomination is lightly damaged.
The large abomination hits you!!
Ouch! That really hurt!
You die...
Xom laughs nastily!

### ## ##. .#
... # .# ##
#..#.##. ..##
#.#.##.#....
#.#..§#X.# #
#....§@#.. ≈≈≈≈
#....#§§..#≈≈≈≈
#.#.##.#..#....
#.# .##....# .
##....#..#.#
#.... .#. #.#
#...#...##.##
### .....#.## #
..#...#...


You could see a large abomination.

Vanquished Creatures
  Sigmund (D:2)
  Terence (D:3)
  6 adders
  An ooze (D:2)
  A worm (D:2)
  An orc (D:3)
  3 giant cockroaches
  6 hobgoblins
  A ball python (D:3)
  A bat (D:1)
  2 giant geckos
  4 giant newts
  10 goblins
  7 jackals
  6 kobolds
  4 rats
55 creatures vanquished.

Notes
Turn   | Place    | Note
--------------------------------------------------------------
     0 | D:1      | Monkaria the Hill Orc Chaos Knight began the quest for the Orb.
     0 | D:1      | Reached XP level 1. HP: 19/19 MP: 1/1
    11 | D:1      | XOM: divination: magic mapping
   136 | D:1      | Reached XP level 2. HP: 21/27 MP: 2/2
   145 | D:1      | XOM: divination: detect items
   818 | D:2      | Reached skill level 5 in Fighting
   818 | D:2      | Reached XP level 3. HP: 34/36 MP: 3/3
   857 | D:2      | XOM: colour smoke trail
   900 | D:2      | XOM: divination: magic mapping
  1011 | D:2      | XOM: mild Tloc miscast
  1026 | D:2      | Noticed Sigmund
  1037 | D:2      | XOM: confuse monster(s)
  1043 | D:2      | Killed Sigmund
  1043 | D:2      | Reached skill level 7 in Axes
  1043 | D:2      | Reached XP level 4. HP: 28/42 MP: 4/4
  1043 | D:2      | Reached XP level 5. HP: 32/48 MP: 5/5
  1081 | D:2      | Found a faded altar to an unknown god.
  1348 | D:2      | Found a deep blue altar of Sif Muna.
  1349 | D:2      | Found a bloodstained altar of Trog.
  1460 | D:3      | Noticed Terence
  1488 | D:3      | Reached XP level 6. HP: 21/56 MP: 6/6
  1488 | D:3      | XOM: potion effect (might)
  1489 | D:3      | XOM: summons friendly ufetubus
  1491 | D:3      | Killed Terence
  1562 | D:3      | Reached skill level 8 in Axes
  1999 | D:3      | XOM: medium Tloc miscast
  1999 | D:3      | Cast into the Abyss (the capriciousness of Xom)
  2001 | Abyss:1  | Noticed a large abomination
  2010 | Abyss:1  | Found an iron altar of Okawaru.
  2029 | Abyss:1  | Noticed a skeletal warrior
  2029 | Abyss:1  | a large abomination changed into a skeletal warrior
  2029 | Abyss:1  | XOM: polymorph large abomination -> skeletal warrior
  2033 | Abyss:1  | Found an iron altar of Okawaru.
  2060 | Abyss:1  | XOM: divination: detect creatures
  2100 | Abyss:1  | Noticed a large abomination
  2106 | Abyss:1  | XOM: smoke on damage
  2107 | Abyss:1  | Annihilated by a large abomination

Vault maps used:
D:1:      minmay_arrival_four_circles, moated_statue, minmay_misc_feat_room,
          minivault_26
D:2:      gammafunk_temple_overflow_statue, ecumenical_altar_1, uniq_sigmund
D:3:      minmay_misc_feat_diagonals, uniq_terence

Action                   |  1- 3 |  4- 6 || total
-------------------------+-------+-------++-------
Melee: Hand axe          |    91 |    86 ||   177
  Use: Scroll            |       |     3 ||     3
 Stab: Confused          |     2 |       ||     2
       Paralysed         |     5 |       ||     5
       Petrifying        |       |     1 ||     1
  Eat: Chunk             |       |     3 ||     3
